 Dungeon Crawl Stone Soup version 0.31-a0-108-gdf935468f2 (webtiles) character file.

Game seed: 11050810712775830525

59 porpoise the Shooter (level 4, -1/28 HPs)
             Began as a Kobold Hunter on May 28, 2023.
             Slain by an orc priest
             ... wielding a +0 flail
              (4 damage)
             ... on level 3 of the Dungeon.
             The game lasted 00:04:22 (2008 turns).

porpoise the Shooter (Kobold Hunter)                Turns: 2008, Time: 00:04:23

Health: -1/28      AC:  4    Str:  8    XL:     4   Next: 22%
Magic:  4/4        EV: 14    Int: 10    God:
Gold:   42         SH:  0    Dex: 20    Spells: 3/3 levels left

rFire   . . .        a - +0 shortbow
rCold   . . .        (shield currently unavailable)
rNeg    . . .        c - +0 leather armour
rPois   .            (no helmet)
rElec   .            f - +0 cloak
rCorr   .            (no gloves)
SInv    .            (no boots)
Will    .....        (no amulet)
Stlth   +++          (no ring)
HPRegen 0.24/turn    (no ring)
MPRegen 0.09/turn

%: no passive effects
@: lethally poisoned (-1 -> -8)
A: small, no large weapons, nightstalker 3
a: no special abilities


You were on level 3 of the Dungeon.
You visited 1 branch of the dungeon, and saw 3 of its levels.

You collected 42 gold pieces.

Inventory:

Hand Weapons
 a - a +0 shortbow (weapon)
Missiles
 e - 3 curare-tipped darts
Armour
 c - a +0 leather armour (worn)
 f - a +0 cloak (worn)
Scrolls
 b - a scroll of immolation
 d - a scroll of poison
 o - a scroll of blinking {unknown}
Potions
 h - 3 potions of might
 i - a potion of attraction
 j - a potion of magic
 k - a potion of experience {unknown}
 l - 2 potions of mutation
 m - a potion of invisibility {unknown}
 n - a potion of ambrosia {unknown}


   Skills:
 + Level 3.0 Fighting
 * Level 6.3 Ranged Weapons
 - Level 2.4 Dodging
 + Level 2.9 Stealth


You had 3 spell levels left.
You didn't know any spells.
Your spell library contained the following spells:

 Spells                   Type           Power      Damage    Failure   Level
 Ensorcelled Hibernation  Hex/Ice        0%         N/A       63%         2
 Spider Form              Tmut/Pois      0%         N/A       86%         3
 Anguish                  Hex/Necr       0%         N/A       99%         4


Dungeon Overview and Level Annotations

Branches:
Dungeon (3/15)

Altars:

Shops:
D:2 =*([(


Innate Abilities, Weirdness & Mutations

You are small and have problems with some larger weapons.
You are completely attuned to the shadows.


Message History

You shoot an arrow. The arrow barely misses the orc priest.
The orc priest looks braver for a moment.
The orc priest misses you.
You shoot an arrow. The arrow hits the orc priest.
The orc priest is severely wounded.
The orc priest completely misses you.
A goblin comes into view. It is wielding a +0 club.
You shoot an arrow.
The arrow hits the orc priest but does no damage.
The orc priest is severely wounded.
The orc priest hits you with a +0 flail.
You shoot an arrow. The arrow hits the orc priest.
The orc priest is almost dead.
An adder comes into view.
The orc priest calls down the wrath of Beogh upon you.
Pain shoots through your body!
Ouch! That really hurt!
You are too injured to fight recklessly!
You are too injured to fight recklessly!
Unknown command.
Fire: a) +0 shortbow
Press: ? - help, Q - select action, (/) - cycle Shift-Dir - straight line, f/p - orc priest
Aim: an orc priest, wielding a +0 flail and wearing a +0 chain mail (almost dead, 72% to hit)
You shoot an arrow.
The arrow closely misses the orc priest.
The adder hisses angrily.
The orc priest hits you with a +0 flail!
* * * LOW HITPOINT WARNING * * *
Fire: a) +0 shortbow
Press: ? - help, Q - select action, (/) - cycle Shift-Dir - straight line, f/p - orc priest
Aim: an orc priest, wielding a +0 flail and wearing a +0 chain mail (almost dead, 72% to hit)
Okay, then.
The orc priest looks encouraged for a moment.
There is a stone staircase leading up here.
The adder bites you.
* * * LOW HITPOINT WARNING * * *
You are lethally poisoned!
The adder poisons you!
The orc priest hits you with a +0 flail.
You die...

######
#......####
.##..........
.......og#
.......S@#
#..[..#
#######


You could see an orc priest, an adder and a goblin.

Vanquished Creatures
  2 adders (D:2)
  A dart slug (D:2)
  4 bats
  4 endoplasms
  3 giant cockroaches (D:1)
  7 hobgoblins (D:1)
  2 kobolds
  6 ball pythons
  4 frilled lizards (D:1)
  A goblin (D:2)
  4 rats
38 creatures vanquished.

Notes
Turn   | Place    | Note
-------+----------+-------------------------------------------
     0 | D:1      | porpoise the Kobold Hunter began the quest for the Orb.
     0 | D:1      | Reached XP level 1. HP: 12/12 MP: 1/1
   200 | D:1      | Reached XP level 2. HP: 18/18 MP: 2/2
   447 | D:1      | Reached XP level 3. HP: 22/22 MP: 3/3
   801 | D:2      | Reached skill level 6 in Ranged Weapons
   823 | D:2      | Found Beitra's Jewellery Shoppe.
  1028 | D:2      | Found Ymimet's Armour Shoppe.
  1052 | D:2      | Reached XP level 4. HP: 18/27 MP: 4/4
  1220 | D:2      | Found a faded altar of an unknown god.
  1291 | D:2      | Found Emny's Antique Weapon Shop.
  1334 | D:2      | Found Vutenn's Antique Weapon Emporium.
  1422 | D:2      | Found Ytuar's General Store.
  2008 | D:3      | Slain by an orc priest

Illustrated notes

Levels and vault maps discovered:
D:1:      dpeg_arrival_rooms_c, layout_loops_ring
D:2:      layout_loops_corners, shapermc_ecumenical_altar_totnotflames,
          serial_shops, shop, nicolae_shop_real_fake_doors, nicolae_square_shop,
          shop, nicolae_shop_gaudy_bauble
D:3:      gammafunk_wand_slinger, layout_rooms, uniq_sigmund

Skill      XL: |  1  2  3  4 |
---------------+-------------+-----
Stealth        | 2 |  2.9
Ranged Weapons | 6 |  6.3
Fighting       | 3 |  3.0
Dodging        | |  2.4

Action                     |  1- 3 |  4- 6 || total
---------------------------+-------+-------++-------
   Fire: Shortbow          |    65 |    17 ||    82
    Use: Scroll            |       |     5 ||     5
 Armour: Leather armour    |     9 |     1 ||    10
  Dodge: Dodged            |    15 |     2 ||    17

Table legend: (Time is in decaauts)
 A = Elapsed time spent in this place.
 B = Non-inter-level travel time spent in this place.
 C = Inter-level travel time spent in this place.
 D = Time resting spent in this place.
 E = Time spent auto-exploring this place.
 F = Levels seen in this place.
 G = Mean time per level.
                   A        B        C        D        E       F      G
               +--------+--------+--------+--------+--------+-----+--------+
         Total |   2021 |   1978 |     43 |    146 |   1633 |   3 |  673.7 |
       Dungeon |   2021 |   1978 |     43 |    146 |   1633 |   3 |  673.7 |
               +--------+--------+--------+--------+--------+-----+--------+

Top non-repeatable levels by time:
     D:2: 1086 daAuts
     D:1: 805 daAuts
     D:3: 129 daAuts
